 Dungeon Crawl Stone Soup version 0.29.0-4-gdea44cf6ec (webtiles) character file.

Game seed: 8351947098050595606

33733 qw the Cleaver (level 13, -6/84 HPs)
             Began as a Gargoyle Berserker on Sept 4, 2022.
             Was an Elder of Trog.
             Mangled by a seven-headed hydra (9 damage)
             ... on level 4 of the Lair of Beasts.
             The game lasted 00:06:18 (20027 turns).

qw the Cleaver (Gargoyle Berserker)                Turns: 20027, Time: 00:06:19

Health: -6/84      AC: 32    Str: 22    XL:     13   Next: 72%
Magic:  0/13       EV:  7    Int:  9    God:    Trog [****..]
Gold:   799        SH: 12    Dex: 15    Spells: 12/12 levels left

rFire   + + .      SeeInvis +   i - +2 war axe (venom)
rCold   . . .      Faith    .   m - +0 kite shield
rNeg    + . .      Spirit   +   f - +0 plate armour
rPois   inf        Reflect  .   d - +2 helmet
rElec   +          Harm     .   k - +0 cloak
rCorr   .          Rampage  .   z - +2 pair of gloves {Stlth+}
Will    .....                   (no boots)
Stlth   ..........              q - amulet of guardian spirit
HPRegen 0.24/turn               w - ring of the Good {rF++ Str-3 Dex+6}
MPRegen 0.13/turn               y - ring of see invisible

@: about to teleport
A: sickness immunity, AC +9, negative energy resistance 1, electricity
resistance, torment resistance 1, petrification resistance
a: Renounce Religion, Berserk, Trog's Hand, Brothers in Arms


You were on level 4 of the Lair of Beasts.
You worshipped Trog.
Trog was greatly pleased with you.
You visited 2 branches of the dungeon, and saw 16 of its levels.
You also visited: Gauntlet.

You collected 1331 gold pieces.
You spent 532 gold pieces at shops.


Innate Abilities, Weirdness & Mutations

You are immune to sickness and miasma.
Your stone body is resilient. (AC +9)
You are immune to poison.
You resist negative energy. (rN+)
You are resistant to electric shocks. (rElec)
You are resistant to unholy torment.
You are immune to petrification.


   Skills:
 - Level 11.1 Fighting
 - Level 14.0 Axes
 + Level 4.0 Throwing
 - Level 10.0 Armour
 - Level 3.0 Dodging
 - Level 11.7 Shields


You had 12 spell levels left.
You didn't know any spells.
Your spell library was empty.

Inventory:

Hand Weapons
 i - a +2 war axe of venom (weapon)
 r - the +7 flail "Paymn" {flame, Str+7}
   (You took it off a minotaur in a Gauntlet)

   It burns those it strikes, dealing additional fire damage.
   Str:       It affects your strength (+7).
Missiles
 l - 13 boomerangs
 v - 2 silver javelins (quivered)
 A - 2 javelins
Armour
 d - a +2 helmet (worn)
 f - a +0 plate armour (worn)
 k - a +0 cloak (worn)
 m - a +0 kite shield (worn)
 z - a +2 pair of gloves of stealth (worn)
Jewellery
 n - the ring "Teokehenk" {Int+2 Dex+6 Stlth+}
   (You acquired it on level 9 of the Dungeon)

   [ring of dexterity]

   Int:       It affects your intelligence (+2).
   Dex:       It affects your dexterity (+6).
   Stlth:     It makes you more stealthy.
 q - an amulet of guardian spirit (around neck)
 t - a ring of willpower
 u - a ring of see invisible
 w - the ring of the Good (left hand) {rF++ Str-3 Dex+6}
   (You took it off a minotaur in a Gauntlet)

   [ring of dexterity]

   Str:       It affects your strength (-3).
   Dex:       It affects your dexterity (+6).
   rF:        It greatly protects you from fire.
 y - a ring of see invisible (right hand)
 Y - a ring of protection from cold
Scrolls
 a - 13 scrolls of identify
 h - 2 scrolls of teleportation
Potions
 b - a potion of heal wounds
 c - 2 potions of might
 e - 2 potions of resistance
 g - 3 potions of haste
 j - 5 potions of curing
 p - 7 potions of mutation
 s - a potion of cancellation

Dungeon Overview and Level Annotations

Branches:
Dungeon (11/15)            Temple (0/1) D:4            Lair (5/5) D:11
  Swamp (0/4) Lair:3       Spider (0/4) Lair:3          Orc (0/2) D:9
Gauntlet (visited)
  Slime: Lair:4-5

Altars:
Ashenzari
Cheibriados
Dithmenos
Elyvilon
Hepliaklqana
Nemelex Xobeh
Okawaru

Shops:
D:3 !   D:4 *   D:7 ?

Annotations:
D:8 1 runed translucent door, qw's ghost, novice TeWr
Lair:4 3 runed translucent doors, qw's ghost, journeyman TrCA


Message History

You block the seven-headed hydra's attack. x2
The seven-headed hydra bites you but does no damage.
The seven-headed hydra barely misses you.
The seven-headed hydra completely misses you.
You block the seven-headed hydra's attack.
20023 ||| INVOKING Brothers in Arms.
You fail to use your ability.
The seven-headed hydra bites you but does no damage.
You block the seven-headed hydra's attack. x2
The seven-headed hydra closely misses you.
The seven-headed hydra bites you but does no damage.
The seven-headed hydra bites you.
The seven-headed hydra bites you but does no damage.
20024 ||| INVOKING Brothers in Arms.
You fail to use your ability.
The seven-headed hydra bites you.
You block the seven-headed hydra's attack. x2
The seven-headed hydra bites you! x3
The seven-headed hydra closely misses you.
20025 ||| INVOKING Brothers in Arms.
You fail to use your ability.
You block the seven-headed hydra's attack.
The seven-headed hydra bites you but does no damage.
You block the seven-headed hydra's attack.
The seven-headed hydra bites you.
The seven-headed hydra barely misses you. x2
The seven-headed hydra bites you but does no damage.
20026 ||| INVOKING Brothers in Arms.
You fail to use your ability.
The seven-headed hydra bites you! The seven-headed hydra bites you.
The seven-headed hydra bites you but does no damage.
You block the seven-headed hydra's attack.
The seven-headed hydra bites you!
The seven-headed hydra bites you but does no damage.
The seven-headed hydra completely misses you.
20027 ||| READING 3 scrolls of teleportation.
As you read the scroll of teleportation, it crumbles to dust.
You feel strangely unstable.
You block the seven-headed hydra's attack.
The seven-headed hydra closely misses you.
You block the seven-headed hydra's attack.
The seven-headed hydra bites you but does no damage.
The seven-headed hydra bites you!
You die...

#.#..........#....#...###### #.#
###.......###........## #####..
P#........##..........#####.##..#
.#.P.....##...........##....###..
...P....##...#.....#.......## #..
.###....#...#.#.}.##....##.# #.#
.# #...##...#.#...###....#.# #..
## #...#...###.....###...#.## #..
####...#<.}.##..@..# #}.>#..###.P
.##....#...###..D..# #...#.......
....%...#..####...####..##.......
............#...}.###...#........
.........#...#....##...##........
...[....##............#....#.....
#.........#..^.......##.#.##.....
#...........#.......####...##....
##.......#..###...#.# #..........


You could see a seven-headed hydra.

Vanquished Creatures
  A minotaur (Gauntlet)
  A hydra (Lair:3)
  3 two-headed ogres (D:11)
  Erica (Lair:1)
  A death scarab (Gauntlet)
  6 death yaks (Lair:4)
  3 large abominations (Gauntlet)
  A cyclops (D:11)
  A manticore (D:11)
  3 elephants (Lair:1)
  2 black mambas
  6 cane toads
  2 rime drakes
  5 komodo dragons
  A polar bear (Lair:3)
  2 trolls (D:11)
  A meliai (Lair:3)
  Prince Ribbit (D:6)
  A hornet (D:9)
  18 blink frogs
  Grinder (D:6)
  5 dream sheep (Lair:4)
  A spectral black mamba (Gauntlet)
  A shadow (D:10)
  A vampire (D:10)
  A wyvern (D:10)
  Grum (Lair:1)
  42 yaks
  3 steam dragons
  3 vampire mosquitoes (Lair:3)
  Menkaure (D:6)
  10 water moccasins
  4 small abominations (Gauntlet)
  3 orc warriors
  2 ice beasts
  2 black bears
  2 ogres
  8 wolves
  2 centaurs
  2 gnoll sergeants
  11 bullfrogs
  2 necrophages
  A scorpion (D:6)
  3 wights
  10 killer bees
  3 electric eels
  A howler monkey (D:6)
  2 jellies
  A gnoll bouda (D:8)
  4 orc priests
  4 iguanas
  10 orc wizards
  2 hell rats (Lair:3)
  Terence (D:2)
  Robin (D:2)
  17 gnolls
  9 river rats (Lair:3)
  9 adders
  2 shadow imps
  2 white imps
  2 dart slugs
  39 orcs
  7 bats
  5 endoplasms
  2 giant cockroaches
  15 goblins
  7 hobgoblins
  4 quokkas
  6 ball pythons
  4 frilled lizards
  5 kobolds
  5 rats
351 creatures vanquished.

Vanquished Creatures (collateral kills)
  An ice statue (Gauntlet)
1 creature vanquished.

Vanquished Creatures (others)
  A gnoll (D:11)
  7 fungi
  22 plants
  4 withered plants (Gauntlet)
34 creatures vanquished.

Grand Total: 386 creatures vanquished

Notes
Turn   | Place    | Note
-------+----------+-------------------------------------------
     0 | D:1      | qw the Gargoyle Berserker began the quest for the Orb.
     0 | D:1      | Reached XP level 1. HP: 14/14 MP: 1/1
     0 | D:1      | 0 ||| qw: Version: 0.1-a-103-gd6f5d3a
     0 | D:1      | 0 ||| qw: Game counter: 5377
     0 | D:1      | 0 ||| qw: Always use a shield: true
     0 | D:1      | 0 ||| qw: Do Orc after D:15 true
     0 | D:1      | 0 ||| qw: Do second Lair branch before Depths: true
     0 | D:1      | 0 ||| qw: Lair rune preference: random
     0 | D:1      | 0 ||| qw: Plans: Normal
     0 | D:1      | 0 ||| PLANNING D:1-11
   120 | D:1      | 120 ||| Stepping ~*~*~tactically~*~*~ (stealth).
   164 | D:1      | 164 ||| Stepping ~*~*~tactically~*~*~ (stealth).
   165 | D:1      | 165 ||| Stepping ~*~*~tactically~*~*~ (stealth).
   179 | D:1      | 179 ||| INVOKING Berserk.
   183 | D:1      | Reached skill level 3 in Axes
   183 | D:1      | Reached XP level 2. HP: 19/19 MP: 2/2
   626 | D:1      | Found a faded altar of an unknown god.
   832 | D:1      | 832 ||| UPGRADING to +0 chain mail.
   842 | D:1      | 842 ||| DROPPING +0 animal skin.
   843 | D:1      | 843 ||| UPGRADING to +1 hat.
   848 | D:1      | 848 ||| READING scroll labelled OMISABRE JISCHO.
   849 | D:1      | 849 ||| READING scroll labelled FAEWEPLESE.
   850 | D:1      | 850 ||| READING scroll labelled NUPNUNLEUHANO.
   851 | D:1      | 851 ||| READING scroll labelled DARRAV AGEGYOT.
   852 | D:1      | 852 ||| DRINKING 2 black potions.
   892 | D:1      | 892 ||| DROPPING potion of lignification.
  1012 | D:2      | Reached XP level 3. HP: 23/23 MP: 3/3
  1032 | D:2      | Reached skill level 4 in Axes
  1162 | D:2      | Noticed Robin
  1172 | D:2      | 1172 ||| INVOKING Berserk.
  1177 | D:2      | Killed Robin
  1178 | D:2      | Reached XP level 4. HP: 23/28 MP: 4/4
  1180 | D:2      | Reached ** piety under Trog
  1482 | D:2      | 1482 ||| Stepping ~*~*~tactically~*~*~ (stealth).
  1729 | D:2      | Noticed Terence
  1735 | D:2      | 1735 ||| INVOKING Berserk.
  1744 | D:2      | Killed Terence
  2003 | D:2      | 2003 ||| DROPPING +0 club.
  2004 | D:2      | 2004 ||| UPGRADING to +0 helmet.
  2014 | D:2      | 2014 ||| DROPPING +1 hat.
  2015 | D:2      | 2015 ||| UPGRADING to +0 cloak.
  2020 | D:2      | 2020 ||| DROPPING amulet of faith.
  2021 | D:2      | 2021 ||| READING scroll labelled KUCAGU XUNEZUQ.
  2022 | D:2      | 2022 ||| READING scroll labelled FELAZ YROPT.
  2063 | D:3      | Reached skill level 5 in Axes
  2169 | D:3      | 2169 ||| Stepping ~*~*~tactically~*~*~ (stealth).
  2173 | D:3      | 2173 ||| Stepping ~*~*~tactically~*~*~ (stealth).
  2176 | D:3      | 2176 ||| INVOKING Berserk.
  2179 | D:3      | Reached XP level 5. HP: 33/33 MP: 5/5
  2347 | D:3      | Found Onecsucw's Distillery.
  2372 | D:3      | 2372 ||| BUYING potion of might (56 gold).
  2372 | D:3      | Bought a potion of might for 56 gold pieces
  2372 | D:3      | 2372 ||| SHOPLISTING potion of mutation (112 gold, have
                  | 85).
  2376 | D:3      | 2376 ||| Stepping ~*~*~tactically~*~*~ (stealth).
  2489 | D:3      | Found a shadowy altar of Dithmenos.
  2489 | D:3      | Found a broken altar of Ashenzari.
  2489 | D:3      | Found a hazy altar of Hepliaklqana.
  2628 | D:3      | 2628 ||| Stepping randomly (stuck).
  2629 | D:3      | 2629 ||| Stepping randomly (stuck).
  2636 | D:3      | 2636 ||| Stepping randomly (stuck).
  2637 | D:3      | 2637 ||| Stepping randomly (stuck).
  2638 | D:3      | 2638 ||| Stepping randomly (stuck).
  2639 | D:3      | 2639 ||| Stepping randomly (stuck).
  2640 | D:3      | 2640 ||| Stepping randomly (stuck).
  2641 | D:3      | 2641 ||| Stepping randomly (stuck).
  2642 | D:3      | 2642 ||| Stepping randomly (stuck).
  2818 | D:3      | Found a sparkling altar of Nemelex Xobeh.
  2927 | D:3      | 2927 ||| DROPPING scarf of shadows.
  2928 | D:3      | 2928 ||| DRINKING 3 murky cyan potions.
  2953 | D:4      | Reached skill level 3 in Armour
  2953 | D:4      | Reached XP level 6. HP: 38/38 MP: 6/6
  2988 | D:4      | 2988 ||| INVOKING Berserk.
  3167 | D:4      | 3167 ||| DROPPING +0 mace.
  3255 | D:4      | 3255 ||| Stepping ~*~*~tactically~*~*~ (hiding).
  3260 | D:4      | 3260 ||| INVOKING Berserk.
  3273 | D:4      | Found Utogatur's Assorted Antiques.
  3360 | D:4      | 3360 ||| BUYING dark potion (21 gold).
  3360 | D:4      | Bought a dark potion for 21 gold pieces
  3360 | D:4      | 3360 ||| BUYING fuming inky potion (21 gold).
  3360 | D:4      | Bought a fuming inky potion for 21 gold pieces
  3360 | D:4      | 3360 ||| BUYING scroll labelled WOPPICU GUULU (24 gold).
  3360 | D:4      | Bought a scroll labelled WOPPICU GUULU for 24 gold pieces
  3360 | D:4      | 3360 ||| BUYING scroll of identify (48 gold).
  3360 | D:4      | Bought a scroll of identify for 48 gold pieces
  3565 | D:4      | 3565 ||| Stepping ~*~*~tactically~*~*~ (hiding).
  3575 | D:4      | 3575 ||| Stepping ~*~*~tactically~*~*~ (stealth).
  3576 | D:4      | 3576 ||| FLEEEEING.
  3583 | D:4      | 3583 ||| Stepping ~*~*~tactically~*~*~ (stealth).
  3605 | D:4      | Reached skill level 6 in Axes
  3614 | D:4      | 3614 ||| Stepping ~*~*~tactically~*~*~ (hiding).
  3689 | D:4      | Found a staircase to the Ecumenical Temple.
  3959 | D:4      | 3959 ||| READING scroll labelled YNOUJONN UKUY.
  3960 | D:4      | 3960 ||| READING scroll labelled WOPPICU GUULU.
  3961 | D:4      | 3961 ||| READING scroll labelled YDEXOU KABRUTH.
  3962 | D:4      | 3962 ||| READING scroll labelled ANODAXKESCH.
  3962 | D:4      | Identified a scroll of acquirement
  3962 | D:4      | 3962 ||| ACQUIRING 451 gold pieces
  3962 | D:4      | Acquired 451 gold pieces
  3964 | D:4      | 3964 ||| DRINKING 2 white potions.
  3965 | D:4      | 3965 ||| DRINKING 2 fuming inky potions.
  3966 | D:4      | 3966 ||| READING 2 scrolls of identify.
  3966 | D:4      | 3966 ||| IDENTIFYING orange potion
  3967 | D:4      | 3967 ||| DROPPING potion of berserk rage.
  3968 | D:4      | 3968 ||| DROPPING potion of attraction.
  3989 | D:5      | Entered Level 5 of the Dungeon
  3989 | D:5      | Noticed a black bear
  3990 | D:5      | 3990 ||| INVOKING Berserk.
  3996 | D:5      | Killed a black bear
  3997 | D:5      | Reached XP level 7. HP: 43/43 MP: 7/7
  3997 | D:5      | 3997 ||| STAIRDANCE
  4140 | D:5      | 4140 ||| Stepping ~*~*~tactically~*~*~ (hiding).
  4189 | D:5      | 4189 ||| SWAPPING to +0 war axe.
  4190 | D:5      | 4190 ||| DROPPING +1 hand axe.
  4209 | D:5      | 4209 ||| INVOKING Berserk.
  4351 | D:5      | 4351 ||| Stepping ~*~*~tactically~*~*~ (stealth).
  4354 | D:5      | 4354 ||| Stepping ~*~*~tactically~*~*~ (stealth).
  4362 | D:5      | 4362 ||| FLEEEEING.
  4363 | D:5      | 4363 ||| FLEEEEING.
  4364 | D:5      | 4364 ||| FLEEEEING.
  4365 | D:5      | 4365 ||| FLEEEEING.
  4366 | D:5      | 4366 ||| FLEEEEING.
  4367 | D:5      | 4367 ||| FLEEEEING.
  4368 | D:5      | 4368 ||| FLEEEEING.
  4369 | D:5      | 4369 ||| FLEEEEING.
  4370 | D:5      | 4370 ||| FLEEEEING.
  4371 | D:5      | 4371 ||| FLEEEEING.
  4390 | D:5      | Reached skill level 7 in Axes
  4485 | D:5      | You fall into a shaft and drop 2 floors!
  4584 | D:7      | 4584 ||| Stepping ~*~*~tactically~*~*~ (stealth).
  4608 | D:7      | 4608 ||| Stepping ~*~*~tactically~*~*~ (stealth).
  4627 | D:7      | 4627 ||| INVOKING Berserk.
  4771 | D:7      | Reached XP level 8. HP: 44/49 MP: 8/8
  4809 | D:7      | Found a white marble altar of Elyvilon.
  4992 | D:7      | 4992 ||| INVOKING Berserk.
  5000 | D:7      | Reached skill level 8 in Axes
  5332 | D:7      | 5332 ||| UPGRADING to ring of see invisible.
  5333 | D:7      | 5333 ||| READING scroll labelled JELIVI MIUTRO.
  5334 | D:7      | 5334 ||| READING scroll labelled TIOBLY GAORR.
  5435 | D:7      | 5435 ||| READING scroll labelled NANI UZOYGUEXEZU.
  5436 | D:7      | 5436 ||| READING scroll labelled IJACZA OHATERPH.
  5437 | D:7      | 5437 ||| READING scroll labelled LAUTIKH VAMEJA.
  5438 | D:7      | 5438 ||| DRINKING 2 dark potions.
  5456 | D:7      | 5456 ||| STAIRDANCE
  5624 | D:6      | Reached *** piety under Trog
  5638 | D:6      | Noticed Grinder
  5639 | D:6      | 5639 ||| INVOKING Trog's Hand.
  5644 | D:6      | 5644 ||| INVOKING Berserk.
  5647 | D:6      | Killed Grinder
  5648 | D:6      | Reached skill level 6 in Fighting
  5728 | D:6      | 5728 ||| Stepping ~*~*~tactically~*~*~ (stealth).
  5744 | D:6      | 5744 ||| Stepping ~*~*~tactically~*~*~ (stealth).
  5745 | D:6      | 5745 ||| Stepping ~*~*~tactically~*~*~ (stealth).
  5789 | D:6      | Noticed Menkaure
  5790 | D:6      | 5790 ||| Stepping ~*~*~tactically~*~*~ (hiding).
  5791 | D:6      | 5791 ||| Stepping ~*~*~tactically~*~*~ (hiding).
  5797 | D:6      | 5797 ||| INVOKING Berserk.
  5802 | D:6      | Killed Menkaure
  6073 | D:5      | 6073 ||| INVOKING Berserk.
  6252 | D:5      | 6252 ||| INVOKING Berserk.
  6254 | D:5      | Reached skill level 9 in Axes
  6254 | D:5      | Reached XP level 9. HP: 56/56 MP: 9/9
  6544 | D:5      | 6544 ||| READING 2 scrolls of identify.
  6544 | D:5      | 6544 ||| IDENTIFYING smoky grey potion
  6545 | D:5      | 6545 ||| DROPPING potion of ambrosia.
  6933 | D:6      | Noticed Prince Ribbit
  6936 | D:6      | 6936 ||| INVOKING Berserk.
  6968 | D:6      | Killed Prince Ribbit
  7413 | D:6      | 7413 ||| UPGRADING to +0 plate armour.
  7423 | D:6      | 7423 ||| DROPPING +0 chain mail.
  7424 | D:6      | 7424 ||| READING 2 scrolls of identify.
  7424 | D:6      | 7424 ||| IDENTIFYING bubbling purple potion
  7559 | D:7      | 7559 ||| Stepping ~*~*~tactically~*~*~ (stealth).
  7565 | D:7      | 7565 ||| Stepping ~*~*~tactically~*~*~ (stealth).
  7577 | D:7      | 7577 ||| Stepping ~*~*~tactically~*~*~ (hiding).
  7578 | D:7      | 7578 ||| Stepping ~*~*~tactically~*~*~ (hiding).
  8095 | D:7      | Found Ymi Ylul's Magic Scroll Emporium.
  8098 | D:7      | 8098 ||| BUYING scroll of enchant armour (82 gold).
  8098 | D:7      | Bought a scroll of enchant armour for 82 gold pieces
  8098 | D:7      | 8098 ||| BUYING scroll of enchant weapon (82 gold).
  8098 | D:7      | Bought a scroll of enchant weapon for 82 gold pieces
  8098 | D:7      | 8098 ||| BUYING scroll of identify (22 gold).
  8098 | D:7      | Bought a scroll of identify for 22 gold pieces
  8098 | D:7      | 8098 ||| BUYING scroll of identify (22 gold).
  8098 | D:7      | Bought a scroll of identify for 22 gold pieces
  8098 | D:7      | 8098 ||| BUYING scroll of identify (22 gold).
  8098 | D:7      | Bought a scroll of identify for 22 gold pieces
  8098 | D:7      | 8098 ||| BUYING scroll of identify (22 gold).
  8098 | D:7      | Bought a scroll of identify for 22 gold pieces
  8098 | D:7      | 8098 ||| BUYING scroll of identify (22 gold).
  8098 | D:7      | Bought a scroll of identify for 22 gold pieces
  8098 | D:7      | 8098 ||| BUYING scroll of identify (22 gold).
  8098 | D:7      | Bought a scroll of identify for 22 gold pieces
  8098 | D:7      | 8098 ||| BUYING scroll of teleportation (33 gold).
  8098 | D:7      | Bought a scroll of teleportation for 33 gold pieces
  8098 | D:7      | 8098 ||| BUYING scroll of teleportation (33 gold).
  8098 | D:7      | Bought a scroll of teleportation for 33 gold pieces
  8098 | D:7      | 8098 ||| READING scroll of enchant armour.
  8098 | D:7      | 8098 ||| ENCHANTING +0 helmet.
  8099 | D:7      | 8099 ||| READING scroll of enchant weapon.
  8099 | D:7      | 8099 ||| ENCHANTING +0 war axe of venom.
  8174 | D:8      | 8174 ||| STAIRDANCE
  8199 | D:8      | 8199 ||| STAIRDANCE
  8238 | D:8      | Reached skill level 6 in Armour
  8238 | D:8      | 8238 ||| Stepping ~*~*~tactically~*~*~ (hiding).
  8239 | D:8      | 8239 ||| Stepping ~*~*~tactically~*~*~ (hiding).
  8244 | D:8      | 8244 ||| INVOKING Berserk.
  8444 | D:8      | 8444 ||| Stepping ~*~*~tactically~*~*~ (hiding).
  8480 | D:8      | 8480 ||| INVOKING Berserk.
  8484 | D:8      | Reached skill level 10 in Axes
  8689 | D:8      | 8689 ||| FLEEEEING.
  8690 | D:8      | 8690 ||| FLEEEEING.
  8691 | D:8      | 8691 ||| FLEEEEING.
  8694 | D:8      | 8694 ||| INVOKING Berserk.
  8720 | D:8      | Reached XP level 10. HP: 52/64 MP: 10/10
  8929 | D:8      | Found a runed translucent door.
  8931 | D:8      | Noticed qw's ghost (novice TeWr)
  8931 | D:8      | Noticed a red ugly thing
  8957 | D:8      | 8957 ||| FLEEEEING.
  8958 | D:8      | 8958 ||| FLEEEEING.
  8959 | D:8      | 8959 ||| FLEEEEING.
  8960 | D:8      | 8960 ||| FLEEEEING.
  8961 | D:8      | 8961 ||| FLEEEEING.
  8962 | D:8      | 8962 ||| FLEEEEING.
  8963 | D:8      | 8963 ||| FLEEEEING.
  8964 | D:8      | 8964 ||| FLEEEEING.
  8965 | D:8      | 8965 ||| FLEEEEING.
  8967 | D:8      | 8967 ||| FLEEEEING.
  8968 | D:8      | 8968 ||| FLEEEEING.
  8969 | D:8      | 8969 ||| FLEEEEING.
  8970 | D:8      | 8970 ||| FLEEEEING.
  8971 | D:8      | 8971 ||| FLEEEEING.
  8972 | D:8      | 8972 ||| FLEEEEING.
  8973 | D:8      | 8973 ||| FLEEEEING.
  8976 | D:8      | 8976 ||| STAIRDANCE
  9027 | D:8      | 9027 ||| STAIRDANCE
  9029 | D:7      | Reached **** piety under Trog
  9095 | D:8      | 9095 ||| STAIRDANCE
  9326 | D:8      | 9326 ||| Stepping ~*~*~tactically~*~*~ (stealth).
  9342 | D:8      | Reached skill level 11 in Axes
  9699 | D:8      | 9699 ||| READING 3 scrolls of teleportation.
  9921 | D:9      | 9921 ||| INVOKING Berserk.
 10065 | D:9      | Found a staircase to the Orcish Mines.
 10069 | D:9      | Identified the +10 sling of the Kissing Vulture {freeze,
                  | Str+7 Int-4}
 10074 | D:9      | 10074 ||| Stepping ~*~*~tactically~*~*~ (stealth).
 10076 | D:9      | 10076 ||| Stepping ~*~*~tactically~*~*~ (hiding).
 10090 | D:9      | Reached skill level 1 in Throwing
 10108 | D:9      | 10108 ||| DROPPING +0 flail.
 10115 | D:9      | 10115 ||| READING scroll of acquirement.
 10115 | D:9      | 10115 ||| ACQUIRING ring "Teokehenk" {Int+2 Dex+6 Stlth+}
 10115 | D:9      | Acquired the ring "Teokehenk" {Int+2 Dex+6 Stlth+}
 10117 | D:9      | 10117 ||| UPGRADING to ring "Teokehenk" {Int+2 Dex+6
                  | Stlth+}.
 10520 | D:9      | 10520 ||| Stepping ~*~*~tactically~*~*~ (stealth).
 10537 | D:9      | Found an iron altar of Okawaru.
 10561 | D:9      | Reached skill level 9 in Fighting
 10720 | D:9      | 10720 ||| INVOKING Berserk.
 10860 | D:9      | 10860 ||| UPGRADING to +0 kite shield.
 10913 | D:10     | Entered Level 10 of the Dungeon
 10924 | D:10     | 10924 ||| INVOKING Berserk.
 10929 | D:10     | Reached skill level 1 in Shields
 11100 | D:10     | 11100 ||| Stepping ~*~*~tactically~*~*~ (stealth).
 11114 | D:10     | Reached skill level 3 in Shields
 11230 | D:10     | Reached XP level 11. HP: 49/71 MP: 11/11
 11351 | D:10     | 11351 ||| Stepping ~*~*~tactically~*~*~ (stealth).
 11358 | D:10     | 11358 ||| Stepping ~*~*~tactically~*~*~ (stealth).
 11359 | D:10     | 11359 ||| Stepping ~*~*~tactically~*~*~ (stealth).
 11360 | D:10     | 11360 ||| Stepping ~*~*~tactically~*~*~ (stealth).
 11364 | D:10     | 11364 ||| Stepping ~*~*~tactically~*~*~ (stealth).
 11366 | D:10     | 11366 ||| Stepping ~*~*~tactically~*~*~ (stealth).
 11368 | D:10     | 11368 ||| Stepping ~*~*~tactically~*~*~ (stealth).
 11370 | D:10     | 11370 ||| Stepping ~*~*~tactically~*~*~ (stealth).
 11372 | D:10     | Reached skill level 6 in Shields
 11737 | D:10     | 11737 ||| DRINKING 3 potions of curing.
 11737 | D:10     | 11737 ||| (to cure confusion)
 11843 | D:10     | 11843 ||| READING scroll of enchant weapon.
 11843 | D:10     | 11843 ||| ENCHANTING +1 war axe of venom.
 12194 | D:10     | 12194 ||| READING 16 scrolls of identify.
 12194 | D:10     | 12194 ||| IDENTIFYING red potion
 12195 | D:10     | 12195 ||| READING 15 scrolls of identify.
 12195 | D:10     | 12195 ||| IDENTIFYING green potion
 12196 | D:10     | 12196 ||| DROPPING potion of degeneration.
 12245 | D:11     | 12245 ||| READING scroll of enchant armour.
 12245 | D:11     | 12245 ||| ENCHANTING +1 helmet.
 12267 | D:11     | 12267 ||| INVOKING Berserk.
 12395 | D:11     | Found a staircase to the Lair.
 12431 | D:11     | Noticed a two-headed ogre
 12436 | D:11     | 12436 ||| INVOKING Berserk.
 12442 | D:11     | Killed a two-headed ogre
 12572 | D:11     | 12572 ||| INVOKING Berserk.
 12587 | D:11     | 12587 ||| Stepping ~*~*~tactically~*~*~ (water).
 12592 | D:11     | Reached skill level 9 in Shields
 12673 | D:11     | Noticed a cyclops
 12677 | D:11     | 12677 ||| INVOKING Berserk.
 12683 | D:11     | Killed a cyclops
 12863 | D:11     | Noticed a manticore
 12864 | D:11     | 12864 ||| Stepping ~*~*~tactically~*~*~ (hiding).
 12866 | D:11     | 12866 ||| Stepping ~*~*~tactically~*~*~ (hiding).
 12869 | D:11     | 12869 ||| INVOKING Berserk.
 12875 | D:11     | Killed a manticore
 13091 | D:11     | Noticed a two-headed ogre
 13092 | D:11     | 13092 ||| INVOKING Berserk.
 13093 | D:11     | Noticed a two-headed ogre
 13096 | D:11     | Killed a two-headed ogre
 13105 | D:11     | Killed a two-headed ogre
 13283 | D:11     | 13283 ||| PLANNING LAIR
 13283 | D:11     | 13283 ||| UPGRADING to amulet of guardian spirit.
 13322 | Lair:1   | Entered Level 1 of the Lair of Beasts
 13325 | Lair:1   | 13325 ||| INVOKING Berserk.
 13470 | Lair:1   | 13470 ||| INVOKING Berserk.
 13580 | Lair:1   | Noticed Grum
 13583 | Lair:1   | 13583 ||| INVOKING Berserk.
 13594 | Lair:1   | Killed Grum
 13728 | Lair:1   | 13728 ||| INVOKING Berserk.
 13731 | Lair:1   | Reached XP level 12. HP: 76/76 MP: 12/12
 13852 | Lair:1   | 13852 ||| Stepping ~*~*~tactically~*~*~ (stealth).
 13853 | Lair:1   | 13853 ||| Stepping ~*~*~tactically~*~*~ (stealth).
 13865 | Lair:1   | 13865 ||| Stepping ~*~*~tactically~*~*~ (stealth).
 13876 | Lair:1   | Reached skill level 12 in Axes
 13881 | Lair:1   | Reached skill level 3 in Dodging
 14012 | Lair:1   | 14012 ||| INVOKING Berserk.
 14136 | Lair:1   | 14136 ||| Stepping ~*~*~tactically~*~*~ (stealth).
 14138 | Lair:1   | 14138 ||| INVOKING Berserk.
 14152 | Lair:1   | Reached skill level 9 in Armour
 14566 | Lair:1   | Noticed Erica
 14570 | Lair:1   | 14570 ||| DRINKING 2 potions of curing.
 14570 | Lair:1   | 14570 ||| (to cure confusion)
 14571 | Lair:1   | 14571 ||| INVOKING Berserk.
 14576 | Lair:1   | Killed Erica
 14798 | Lair:2   | 14798 ||| Stepping ~*~*~tactically~*~*~ (stealth).
 14801 | Lair:2   | 14801 ||| INVOKING Berserk.
 15093 | Lair:2   | 15093 ||| INVOKING Berserk.
 15721 | Lair:2   | Identified the +1 dagger of War {venom, rPois rN++ rCorr
                  | Int-2}
 15913 | Lair:2   | 15913 ||| READING 15 scrolls of identify.
 15913 | Lair:2   | 15913 ||| IDENTIFYING coppery potion
 15914 | Lair:2   | 15914 ||| DROPPING potion of brilliance.
 15936 | Lair:3   | Noticed a five-headed hydra
 15937 | Lair:3   | 15937 ||| INVOKING Brothers in Arms.
 15939 | Lair:3   | 15939 ||| SWAPPING to +0 flail of protection.
 15941 | Lair:3   | 15941 ||| INVOKING Berserk.
 15952 | Lair:3   | Killed a five-headed hydra
 15953 | Lair:3   | Reached skill level 3 in Throwing
 15970 | Lair:3   | 15970 ||| SWAPPING to +2 war axe of venom.
 16109 | Lair:3   | 16109 ||| Stepping ~*~*~tactically~*~*~ (stealth).
 16111 | Lair:3   | 16111 ||| INVOKING Berserk.
 16287 | Lair:3   | 16287 ||| Stepping ~*~*~tactically~*~*~ (stealth).
 16291 | Lair:3   | 16291 ||| INVOKING Berserk.
 16472 | Lair:3   | 16472 ||| Stepping ~*~*~tactically~*~*~ (stealth).
 16477 | Lair:3   | 16477 ||| Stepping ~*~*~tactically~*~*~ (stealth).
 16492 | Lair:3   | 16492 ||| Stepping ~*~*~tactically~*~*~ (stealth).
 16538 | Lair:3   | Reached skill level 13 in Axes
 16551 | Lair:3   | Found a hole to the Spider Nest.
 16554 | Lair:3   | 16554 ||| Stepping ~*~*~tactically~*~*~ (stealth).
 16558 | Lair:3   | 16558 ||| Stepping ~*~*~tactically~*~*~ (stealth).
 16559 | Lair:3   | 16559 ||| Stepping ~*~*~tactically~*~*~ (stealth).
 16564 | Lair:3   | 16564 ||| Stepping ~*~*~tactically~*~*~ (stealth).
 16574 | Lair:3   | Reached XP level 13. HP: 78/82 MP: 11/13
 16632 | Lair:3   | 16632 ||| FLEEEEING.
 16633 | Lair:3   | 16633 ||| Stepping ~*~*~tactically~*~*~ (stealth).
 16634 | Lair:3   | 16634 ||| Stepping ~*~*~tactically~*~*~ (stealth).
 16662 | Lair:3   | 16662 ||| FLEEEEING.
 16676 | Lair:3   | 16676 ||| Stepping ~*~*~tactically~*~*~ (stealth).
 16677 | Lair:3   | 16677 ||| Stepping ~*~*~tactically~*~*~ (stealth).
 16817 | Lair:3   | 16817 ||| INVOKING Berserk.
 17020 | Lair:3   | 17020 ||| INVOKING Berserk.
 17080 | Lair:3   | 17080 ||| INVOKING Berserk.
 17154 | Lair:3   | Found a snail-covered altar of Cheibriados.
 17313 | Lair:3   | Found a staircase to the Swamp.
 17457 | Lair:4   | 17457 ||| PLANNING GAUNTLET
 17464 | Lair:4   | 17464 ||| Stepping ~*~*~tactically~*~*~ (stealth).
 17465 | Lair:4   | 17465 ||| Stepping ~*~*~tactically~*~*~ (stealth).
 17468 | Lair:4   | 17468 ||| INVOKING Berserk.
 17493 | Lair:4   | Reached skill level 14 in Axes
 17779 | Lair:4   | Found a gate leading to a gauntlet.
 17780 | Lair:4   | 17780 ||| READING 15 scrolls of identify.
 17780 | Lair:4   | 17780 ||| IDENTIFYING purple potion
 17786 | Gauntlet | Entered a Gauntlet
 17786 | Gauntlet | Found a transporter.
 17793 | Gauntlet | Found a transporter.
 17795 | Gauntlet | Found a transporter.
 17806 | Gauntlet | Found a transporter.
 17809 | Gauntlet | Found a transporter.
 17819 | Gauntlet | Found a transporter.
 17832 | Gauntlet | Noticed a green death
 17835 | Gauntlet | Found a transporter.
 17846 | Gauntlet | Found a transporter.
 17857 | Gauntlet | Found a transporter.
 17862 | Gauntlet | Found a transporter.
 17864 | Gauntlet | Found a transporter.
 17881 | Gauntlet | Found a transporter.
 17890 | Gauntlet | Found a transporter.
 17947 | Gauntlet | Found a transporter.
 18028 | Gauntlet | 18028 ||| INVOKING Brothers in Arms.
 18029 | Gauntlet | 18029 ||| INVOKING Brothers in Arms.
 18030 | Gauntlet | 18030 ||| INVOKING Brothers in Arms.
 18032 | Gauntlet | 18032 ||| INVOKING Berserk.
 18050 | Gauntlet | 18050 ||| INVOKING Brothers in Arms.
 18051 | Gauntlet | 18051 ||| INVOKING Brothers in Arms.
 18051 | Gauntlet | HP: 14/83 [ice statue/freezing blast (13)]
 18052 | Gauntlet | 18052 ||| DRINKING 3 potions of heal wounds.
 18053 | Gauntlet | 18053 ||| DRINKING 2 potions of heal wounds.
 18054 | Gauntlet | 18054 ||| Stepping ~*~*~tactically~*~*~ (cloud).
 18055 | Gauntlet | 18055 ||| INVOKING Brothers in Arms.
 18056 | Gauntlet | 18056 ||| INVOKING Brothers in Arms.
 18294 | Gauntlet | Identified the ring of Descent {Wiz rN++ Str-5 SInv Stlth+}
 18296 | Gauntlet | 18296 ||| DROPPING ring of Descent {Wiz rN++ Str-5 SInv
                  | Stlth+}.
 18310 | Gauntlet | 18310 ||| INVOKING Berserk.
 18416 | Gauntlet | 18416 ||| UPGRADING to ring of protection from cold.
 18432 | Gauntlet | 18432 ||| INVOKING Berserk.
 18691 | Gauntlet | Identified the +7 flail "Paymn" {flame, Str+7}
 18691 | Gauntlet | Identified the ring of the Good {rF++ Str-3 Dex+6}
 18691 | Gauntlet | Noticed a minotaur
 18693 | Gauntlet | 18693 ||| INVOKING Berserk.
 18709 | Gauntlet | HP: 20/126 [minotaur/the +7 flail "Paymn" {flame, Str+7}
                  | (27)]
 18711 | Gauntlet | HP: 9/126 [minotaur/the +7 flail "Paymn" {flame, Str+7}
                  | (4)]
 18712 | Gauntlet | Killed a minotaur
 19039 | Gauntlet | 19039 ||| DROPPING +0 flail of protection.
 19051 | Gauntlet | Identified the +1 hat of Hide-and-Seek {-Tele MP+9 Dex-3
                  | SInv}
 19051 | Gauntlet | Identified the +1 robe of Gluttony {Contam rCorr Dex+8
                  | Slay+3}
 19080 | Gauntlet | 19080 ||| DROPPING +1 hat.
 19081 | Gauntlet | 19081 ||| UPGRADING to +2 pair of gloves of stealth.
 19086 | Gauntlet | 19086 ||| DROPPING +1 hat of Hide-and-Seek {-Tele MP+9
                  | Dex-3 SInv}.
 19087 | Gauntlet | 19087 ||| UPGRADING to ring of the Good {rF++ Str-3 Dex+6}.
 19089 | Gauntlet | 19089 ||| UPGRADING to ring of see invisible.
 19091 | Gauntlet | 19091 ||| READING 14 scrolls of identify.
 19091 | Gauntlet | 19091 ||| IDENTIFYING blue potion
 19092 | Gauntlet | 19092 ||| DROPPING potion of magic.
 19104 | Lair:4   | 19104 ||| PLANNING LAIR
 19763 | Lair:4   | Found a runed translucent gate.
 19765 | Lair:4   | Found a runed translucent gate.
 19766 | Lair:4   | Found a runed translucent gate.
 19767 | Lair:4   | Noticed qw's ghost (journeyman TrCA)
 20014 | Lair:5   | Entered Level 5 of the Lair of Beasts
 20015 | Lair:5   | 20015 ||| INVOKING Brothers in Arms.
 20016 | Lair:5   | 20016 ||| INVOKING Brothers in Arms.
 20017 | Lair:5   | 20017 ||| INVOKING Brothers in Arms.
 20018 | Lair:5   | 20018 ||| INVOKING Brothers in Arms.
 20019 | Lair:5   | 20019 ||| STAIRDANCE
 20021 | Lair:4   | 20021 ||| INVOKING Brothers in Arms.
 20022 | Lair:4   | 20022 ||| INVOKING Brothers in Arms.
 20023 | Lair:4   | 20023 ||| INVOKING Brothers in Arms.
 20024 | Lair:4   | 20024 ||| INVOKING Brothers in Arms.
 20025 | Lair:4   | 20025 ||| INVOKING Brothers in Arms.
 20026 | Lair:4   | 20026 ||| INVOKING Brothers in Arms.
 20026 | Lair:4   | HP: 17/84 [seven-headed hydra (9)]
 20026 | Lair:4   | HP: 3/84 [seven-headed hydra (8)]
 20027 | Lair:4   | 20027 ||| READING 3 scrolls of teleportation.
 20027 | Lair:4   | Mangled by a seven-headed hydra

Levels and vault maps discovered:
D:1:      dpeg_chamrin_arrival_tetris, layout_loops_cross,
          ebering_ecumenical_altar_sacrificial, hangedman_decor_clover_reticule
D:2:      layout_rooms, serial_bayou, serial_bayou_pond_c, serial_bayou_lake_a,
          serial_bayou_pond_c, serial_bayou_pond_c, uniq_robin, uniq_terence
D:3:      layout_loops_ring, nemelex_diamond_rough_becter,
          gammafunk_temple_overflow_claw, serial_shops, nicolae_diamond_shop,
          minmay_misc_feat_x, minmay_fractal_squares_5
D:4:      layout_loops_cross, minmay_temple_entry_drinking_statues,
          serial_shops, shop
D:5:      layout_rooms, supply_closet_lemuel
D:6:      layout_cave_pods, serial_glass, glass_columns_c, glass_columns_c,
          kennysheep_minor_cross, uniq_menkaure, uniq_grinder,
          uniq_prince_ribbit1
D:7:      layout_basic, nicolae_elyvilon_temple_path, serial_shops,
          kennysheep_mini
D:8:      layout_loops_ring, ebering_ghost_inner_flame
D:9:      layout_gridville, okawaru_altar_gauntlet_db, david_orc_2
D:10:     layout_long_grid, serial_bayou_pond_a, kennysheep_generic_room_4
D:11:     layout_roguey, lair_entry_dummy, nrook_pool_corridor
Lair:1:   layout_hall_layers, eino_small_chamber_without_monster,
          evilmike_ambush [evilmike_ambush_outer_corners,
          evilmike_ambush_inner_pond], serial_bayou_shore_b, uniq_erica,
          uniq_grum
Lair:2:   layout_cave_pods, chequers_serial_rivers_marsh
Lair:3:   layout_gridlike, minmay_swamp_entry_swarm,
          hellmonk_spider_entry_not_the_bees, basic_altar, kennysheep_rathole
Lair:4:   layout_regular_city, gauntlet_entry_generic,
          ebering_ghost_rock_garden, grunt_megastairs_5,
          infiniplex_staircase_pool_2
Lair:5:   gammafunk_lair_ancient_temple, layout_gridlike,
          dpeg_slime_entry_enclosed, infiniplex_staircase_pool

Skill      XL: |  1  2  3  4  5  6  7  8  9 10 11 12 13 |
---------------+----------------------------------------+-----
Axes           | 3 4 5 6 7 9 10 11 13 14 | 14.0
Fighting       | 4 5 6 8 9 10 11 | 11.1
Armour         | 3 4 6 7 8 9 10 | 10.0
Throwing       | 1 3 4 |  4.0
Dodging        | 2 3 |  3.0
Shields        | 5 10 11 | 11.7

Action                   |  1- 3 |  4- 6 |  7- 9 | 10-12 | 13-15 || total
-------------------------+-------+-------+-------+-------+-------++-------
Melee: Hand axe          |   106 |   179 |    12 |       |       ||   297
       War axe           |       |       |   256 |   470 |   208 ||   934
       Punch             |       |       |     2 |     1 |       ||     3
       Flail             |       |       |       |    11 |       ||    11
Throw: Boomerang         |       |       |       |    67 |     5 ||    72
       Javelin           |       |       |       |     7 |    16 ||    23
Invok: Berserk           |     2 |     5 |    11 |    21 |     8 ||    47
       Trog's Hand       |       |       |     1 |       |       ||     1
       Brothers in Arms  |       |       |       |     1 |     2 ||     3
  Use: Scroll            |     4 |     7 |     9 |     7 |     3 ||    30
       Potion            |     1 |     3 |     1 |     2 |     2 ||     9
Armor: Animal skin       |    10 |       |       |       |       ||    10
       Chain mail        |    52 |    88 |   149 |       |       ||   289
       Plate armour      |       |       |    37 |   293 |   122 ||   452
Dodge: Dodged            |    70 |    51 |   109 |   153 |    50 ||   433
Block: Kite shield       |       |       |       |   190 |   128 ||   318

Table legend:
 A = Non-vault XP
 B = Vault XP
 C = Vault XP percentage of total XP
 D = Non-vault monster count
 E = Vault monster count
 F = Vault count percentage of total count
                 A         B        C        D         E       F
            +---------+---------+-------+---------+---------+-------
      Total |   38002 |   10188 |  21.1 |     278 |      74 |  21.0
            +---------+---------+-------+---------+---------+-------
        D:1 |      28 |       0 |   0.0 |      11 |       0 |   0.0
        D:2 |      62 |      64 |  50.8 |      17 |      11 |  39.3
        D:3 |      74 |      13 |  14.9 |      17 |       6 |  26.1
        D:4 |     343 |       0 |   0.0 |      20 |       0 |   0.0
        D:5 |     604 |       0 |   0.0 |      24 |       0 |   0.0
        D:6 |     638 |     735 |  53.5 |      14 |       3 |  17.6
        D:7 |    1304 |       0 |   0.0 |      17 |       0 |   0.0
        D:8 |    2690 |       0 |   0.0 |      26 |       0 |   0.0
        D:9 |    1060 |     173 |  14.0 |      12 |      11 |  47.8
       D:10 |    3616 |     412 |  10.2 |      24 |       2 |   7.7
       D:11 |    4488 |       0 |   0.0 |      17 |       0 |   0.0
     Lair:1 |    6616 |    1887 |  22.2 |      25 |       7 |  21.9
     Lair:2 |    2918 |       0 |   0.0 |      11 |       0 |   0.0
     Lair:3 |    5517 |    1281 |  18.8 |      24 |      19 |  44.2
     Lair:4 |    8044 |    1211 |  13.1 |      19 |       3 |  13.6
   Gauntlet |       0 |    4412 | 100.0 |       0 |      12 | 100.0
            +---------+---------+-------+---------+---------+-------
